 Dungeon Crawl Stone Soup version 0.18.1-50-g88ac8fd (webtiles) character file.

296 Gargoyl the Distorting Demonspawn (level 6, -2/48 HPs)
             Began as a Demonspawn Abyssal Knight on Oct 14, 2016.
             Was a Believer of Lugonu.
             Slain by an orc
             ... wielding a +2 whip of electrocution
              (10 damage)
             ... on level 3 of the Dungeon.
             The game lasted 00:03:51 (2421 turns).

Gargoyl the Distorting Demonspawn (DsAK)            Turns: 2421, Time: 00:03:51

Health: -2/48      AC: 14    Str: 14    XL:     6   Next: 12%
Magic:  9/9        EV:  6    Int: 13    God:    Lugonu [**....]
Gold:   213        SH:  0    Dex: 12    Spells: 0 memorised, 5 levels left

rFire  . . .     SeeInvis .     e - +0 war axe
rCold  . . .     Gourm    .     j - +0 chain mail
rNeg   + . .     Faith    .     (no shield)
rPois  .         Spirit   .     (no helmet)
rElec  .         Dismiss  .     d - +0 cloak
rCorr  .         Reflect  .     (no gloves)
SustAt .         Harm     .     (no boots)
MR     .....                    (no amulet)
Stlth  ..........               (no ring)
                                q - ring of positive energy

@: not resistant to hostile enchantments, extremely unstealthy
A: claws 1, rough black scales 1, powered by pain 1, wild magic 1
a: Depart the Abyss, Bend Space, Renounce Religion


You were on level 3 of the Dungeon.
You worshipped Lugonu.
Lugonu was pleased with you.
You were not hungry.

You visited 1 branch of the dungeon, and saw 3 of its levels.
You visited the Abyss 1 time.

You collected 213 gold pieces.

Inventory:

Hand Weapons
 a - a +1 hand axe
 e - a +0 war axe (weapon)
Armour
 d - a +0 cloak (worn)
 j - a +0 chain mail (worn)
Jewellery
 q - a ring of positive energy (left claw)
Scrolls
 f - a scroll of recharging {unknown}
 h - a scroll of remove curse
 i - a scroll of enchant weapon {unknown}
 m - 2 scrolls of enchant armour {unknown}
 p - a scroll of random uselessness
Comestibles
 b - 3 chunks of flesh
 c - a bread ration
 g - 2 meat rations
 k - 3 slices of pizza
 l - 2 royal jellies


   Skills:
 + Level 4.3 Fighting
 + Level 3.0 Axes
 * Level 3.5 Armour
 + Level 1.1 Dodging
 * Level 4.4 Invocations


You had 5 spell levels left.
You didn't know any spells.

Dungeon Overview and Level Annotations

Branches:
Dungeon (3/15)

Altars:


Innate Abilities, Weirdness & Mutations

You have sharp fingernails.
You are partially covered in rough black scales (AC +4, Dex -1).
You sometimes gain a little power by taking damage.
Your spells are a little harder to cast, but a little more powerful.


Message History

You hit the orc.
The orc is moderately wounded.
The orc barely misses you. The orc hits you but does no damage.
You closely miss the orc.
The orc is moderately wounded.
The orc hits you with a whip of electrocution.
You are electrocuted!
Your chain mail prevents you from hitting the orc.
The orc is moderately wounded.
The orc hits you but does no damage.
You closely miss the orc.
The orc is moderately wounded.
The orc hits you with a whip of electrocution.
You are electrocuted!
The orc hits you but does no damage.
You are electrocuted!
* * * LOW HITPOINT WARNING * * *
You hit the orc.
The orc is severely wounded.
The orc hits you but does no damage.
You are electrocuted!
You die...

########## ###
##........# ..
#.........+
#.##.........####
###..#.####.......#
#....#.####.......#
+...o@.((.'..(>...#
#...#..####..(....#
..!.. #..#
#....(..#### ##..
##.# #...........
##
#.####......(####
#......).....(..#
#.#####...#####)#
... #<..# #.#
#...#####.#


You could see an orc.

Vanquished Creatures
  Sigmund (D:2)
  Crazy Yiuf (D:2)
  2 adders (D:2)
  4 gnolls (D:2)
  3 worms (D:2)
  2 giant geckos
  4 bats
  2 giant cockroaches
  4 goblins
  6 hobgoblins
  4 jackals (D:2)
  4 kobolds
  3 quokkas (D:2)
  2 giant newts (D:2)
  14 rats
56 creatures vanquished.

Notes
Turn   | Place    | Note
--------------------------------------------------------------
     0 | Abyss:1  | Gargoyl the Demonspawn Abyssal Knight began the quest for the Orb.
     0 | Abyss:1  | Reached XP level 1. HP: 18/18 MP: 2/2
    74 | Abyss:1  | Found a corrupted altar of Lugonu.
   144 | Abyss:1  | Found a corrupted altar of Lugonu.
   253 | Abyss:2  | Noticed a tentacled starspawn
   254 | Abyss:2  | Found a stormy altar of Qazlal.
   295 | Abyss:2  | Noticed an efreet
   296 | Abyss:2  | Noticed a hellwing
   297 | Abyss:2  | Noticed a large abomination
   299 | D:1      | Escaped the Abyss
   612 | D:1      | Gained mutation: You are partially covered in rough black scales (AC +4, Dex -1). [demonic ancestry]
   612 | D:1      | Reached XP level 2. HP: 20/24 MP: 4/4
   744 | D:1      | Reached * piety under Lugonu
  1057 | D:2      | Noticed Sigmund
  1065 | D:2      | Gained mutation: Your spells are a little harder to cast, but a little more powerful. [potion of beneficial mutation]
  1071 | D:2      | Killed Sigmund
  1071 | D:2      | Reached skill level 1 in Dodging
  1071 | D:2      | Reached XP level 3. HP: 30/30 MP: 4/6
  1071 | D:2      | Reached XP level 4. HP: 37/37 MP: 4/7
  1071 | D:2      | Gained mutation: You sometimes gain a little power by taking damage. [demonic ancestry]
  1071 | D:2      | Reached XP level 5. HP: 42/42 MP: 4/8
  1529 | D:2      | Reached ** piety under Lugonu
  1871 | D:2      | Noticed Crazy Yiuf
  1879 | D:2      | Killed Crazy Yiuf
  2083 | D:2      | Gained mutation: You have sharp fingernails. [demonic ancestry]
  2083 | D:2      | Reached XP level 6. HP: 34/48 MP: 9/9
  2421 | D:3      | Slain by an orc

Skill      XL: |  1  2  3  4  5  6 |
---------------+-------------------+-----
Invocations    | 4 |  4.4
Fighting       | 4 |  4.3
Axes           | 2 3 |  3.0
Armour         | 3 |  3.5
Dodging        | 1 |  1.1

Action                   |  1- 3 |  4- 6 || total
-------------------------+-------+-------++-------
Melee: Hand axe          |    73 |     2 ||    75
       War axe           |       |   100 ||   100
Invok: Depart the Abyss  |     1 |       ||     1
  Use: Potion            |     4 |       ||     4
       Scroll            |     2 |       ||     2
  Eat: Chunk             |     1 |     5 ||     6
Armor: Chain mail        |    59 |   112 ||   171
       Skin              |     2 |       ||     2
Dodge: Dodged            |    36 |    55 ||    91
